 Dungeon Crawl Stone Soup version 0.30-a0-913-g9934a0ce24 (webtiles) character file.

Game seed: 254555445069376769

12296 billz999 the Skirmisher (level 11, -2/87 HPs)
             Began as a Gnoll Hunter on Mar 19, 2023.
             Was a Priest of Kikubaaqudgha.
             Succumbed to a cane toad's poison
             ... on level 1 of the Lair of Beasts on Mar 20, 2023.
             The game lasted 00:29:35 (12594 turns).

billz999 the Skirmisher (Gnoll Hunter)             Turns: 12594, Time: 00:29:35

Health: -2/87      AC: 11    Str: 14    XL:     11   Next: 91%
Magic:  30/30      EV: 17    Int: 17    God:    Kikubaaqudgha [***...]
Gold:   317        SH:  0    Dex: 21    Spells: 3/24 levels left

rFire   . . .      SeeInvis .    b - +10 glaive of the Aged Bounties {freeze, rC++ Will- Str+4}
rCold   + + .      Faith    .    (shield currently unavailable)
rNeg    + . .      Spirit   .    B - +0 acid dragon scales
rPois   .          Reflect  .    h - +0 helmet
rElec   .          Rampage  .    F - +0 cloak
rCorr   +                        q - +0 pair of gloves
Will    .....                    (no boots)
Stlth   ++++                     (no amulet)
HPRegen 0.34/turn                l - ring of Tomorrow {rN+ Int+6 Dex+3}
MPRegen 0.22/turn                G - ring of magical power

@: lethally poisoned (-2 -> -12), very slightly contaminated, invisible
(expiring)
A: fangs 1, strong nose, distributed training
a: Renounce Religion, Unearth Wretches


You were on level 1 of the Lair of Beasts.
You worshipped Kikubaaqudgha.
Kikubaaqudgha was most pleased with you.
You visited 2 branches of the dungeon, and saw 11 of its levels.

You collected 593 gold pieces.
You spent 276 gold pieces at shops.

Inventory:

Hand Weapons
 a - a +4 shortbow
 b - the +10 glaive of the Aged Bounties (weapon) {freeze, rC++ Will- Str+4}
   (You bought it in a shop on level 6 of the Dungeon)

   Str:       It affects your strength (+4).
   rC:        It greatly protects you from cold.
   Will:      It decreases your willpower.
 o - the +4 trident of Charming Execution {freeze, Fragile +Blink rF+ rN+}
   (You found it on level 7 of the Dungeon)

   rF:        It protects you from fire.
   rN:        It protects you from negative energy.
   +Blink:    It lets you blink.
   Fragile:   It will be destroyed if unequipped.
 H - a +0 shortbow
 I - a +1 heavy shortbow
Missiles
 x - a throwing net
 z - 26 poisoned darts
Armour
 c - a +0 leather armour
 h - a +0 helmet (worn)
 q - a +0 pair of gloves (worn)
 w - a +0 hat
 B - +0 acid dragon scales (worn)
 F - a +0 cloak (worn)
Jewellery
 l - the ring of Tomorrow (left hand) {rN+ Int+6 Dex+3}
   (You acquired it on level 4 of the Dungeon)

   [ring of intelligence]

   Int:       It affects your intelligence (+6).
   Dex:       It affects your dexterity (+3).
   rN:        It protects you from negative energy.
 G - a ring of magical power (right hand)
Wands
 p - a wand of polymorph (16)
 y - a wand of iceblast (7)
 D - a wand of flame (40)
Scrolls
 e - a scroll of amnesia
 f - 4 scrolls of vulnerability
 j - 2 scrolls of poison
 k - a scroll of identify
 n - 5 scrolls of immolation
 r - 2 scrolls of enchant armour
 v - 3 scrolls of teleportation
 K - a scroll of blinking {unknown}
Potions
 d - a potion of flight
 g - a potion of attraction {unknown}
 m - 2 potions of resistance
 s - a potion of brilliance
 t - a potion of might {unknown}
 u - a potion of lignification {unknown}
 A - a potion of mutation {unknown}
 J - a potion of magic {unknown}


   Skills:
 + Level 8.4 Fighting
 + Level 7.0 Short Blades
 + Level 7.0 Long Blades
 + Level 7.0 Axes
 + Level 7.0 Maces & Flails
 + Level 7.0 Polearms
 + Level 7.0 Staves
 + Level 11.0 Ranged Weapons
 + Level 7.0 Throwing
 + Level 7.0 Armour
 + Level 8.4 Dodging
 + Level 7.4 Stealth
 + Level 7.0 Shields
 + Level 7.0 Unarmed Combat
 + Level 7.0 Spellcasting
 + Level 5.8 Conjurations
 + Level 5.8 Hexes
 + Level 5.8 Summonings
 + Level 5.8 Necromancy
 + Level 5.8 Translocations
 + Level 5.8 Transmutations
 + Level 5.8 Fire Magic
 + Level 5.8 Ice Magic
 + Level 5.8 Air Magic
 + Level 5.8 Earth Magic
 + Level 5.8 Poison Magic
 + Level 7.6 Invocations
 + Level 7.0 Evocations


You had 3 spell levels left.
You knew the following spells:

 Your Spells              Type           Power      Damage    Failure   Level
a - Magic Dart            Conj           100%       1d8       1%          1
b - Hailstorm             Conj/Ice       25%        3d7       4%          3
c - Ensorcelled Hibernat  Hex/Ice        50%        N/A       2%          2
d - Animate Dead          Necr           25%        N/A       14%         4
e - Starburst             Conj/Fire      12%        6d5       92%         6
f - Borgnjor's Vile Clut  Necr/Erth      12%        N/A       38%         5

Your spell library contained the following spells:

 Spells                   Type           Power      Damage    Failure   Level
 Necrotise                Necr           100%       1d9       1%          1
 Cigotuvi's Dreadful Rot  Necr/Pois/Air  50%        N/A       2%          2
 Searing Ray              Conj           50%        2d6       2%          2
 Dazzling Flash           Conj/Hex       50%        N/A       4%          3
 Spider Form              Tmut/Pois      25%        N/A       4%          3
 Vampiric Draining        Necr           25%        2d7       4%          3
 Anguish                  Hex/Necr       12%        N/A       14%         4
 Dispel Undead            Necr           25%        3d12      14%         4
 Fulminant Prism          Conj/Hex       12%        3d8       14%         4
 Ice Form                 Ice/Tmut       25%        N/A       14%         4
 Iskenderun's Mystic Bla  Conj/Tloc      25%        2d7       14%         4
 Death Channel            Necr           12%        N/A       92%         6
 Simulacrum               Ice/Necr       12%        N/A       92%         6


Dungeon Overview and Level Annotations

Branches:
Dungeon (9/15)             Temple (0/1) D:6            Lair (2/5) D:9
  Swamp: Lair:2-3    Shoals: Lair:2-3     Snake: Lair:2-3    Spider: Lair:2-3
    Orc: D:9-12

Altars:
Fedhas
Kikubaaqudgha
Nemelex Xobeh
Qazlal
Ru
Sif Muna
Wu Jian
Yredelemnul
Zin
The Shining One

Shops:
D:2 [   D:6 (

Annotations:
D:6 3 runed translucent doors, buddhastalin's ghost, novice DsGl
D:7 2 runed translucent doors, AverageBear's ghost, novice OpFi
Lair:1 1 transporter


Innate Abilities, Weirdness & Mutations

You have very sharp teeth.
Your uncanny sense of smell can sniff out nearby items.
Your experience applies equally to all skills.


Message History

* * * LOW HITPOINT WARNING * * *
You slice the wolf!! You freeze the wolf.
You kill the wolf!
Kikubaaqudgha accepts your kill. The wolf misses you. The wolf bites you.
* * * LOW HITPOINT WARNING * * *
You hit the wolf. You freeze the wolf.
Your attack snaps the wolf out of its fear.
The wolf is moderately wounded.
The cane toad seems to regain its courage.
The wolf bites you but does no damage. x2; The cane toad barely misses you.
You slash the wolf! You freeze the wolf. Your bite misses the wolf.
The wolf is almost dead.
You feel less invigorated.
You feel less confused. The wolf closely misses you.
The wolf bites you but does no damage. The cane toad misses you.
The wolf bites you.
* * * LOW HITPOINT WARNING * * *
You barely miss the wolf.
The wolf is almost dead.
The wolf misses you. The wolf closely misses you.
You closely miss the wolf.
The wolf is almost dead.
The wolf completely misses you. The cane toad barely misses you.
The wolf misses you.
You flicker for a moment.
The wolf barely misses you. The cane toad stings you!
* * * LOW HITPOINT WARNING * * *
You are lethally poisoned!
The cane toad poisons you! The wolf misses you. The wolf closely misses you.
You climb upwards.
Level annotation: 1 transporter
* * * LOW HITPOINT WARNING * * *
You feel very sick.
There is a stone staircase leading down, spattered with blood here.
Okay, then.
The wolf attacks as you move away! The wolf bites you.
* * * LOW HITPOINT WARNING * * *
You die...
Kikubaaqudgha rasps: "You have failed me!
Welcome... death!"

#..###...##..#.......#
.##......<..##..........
.....##.)...###...##....
#...###......#P..####...
#P.#....#.P.....#.#..##
.###......####......#..##
........#.#.##.......>...
........##...#.......#...
......F.@...##........#..
......h>.....#h..........
........#................
........#................
...................†.....
.#........†.†........#...
..^.......##.............
......#...#..............
##...#..............#....


You could see a cane toad (unable to see you) and a wolf.

Vanquished Creatures
  2 two-headed ogres (D:9)
  Pikel (D:4)
  A black mamba (Lair:1)
  Maggie (D:7)
  2 komodo dragons
  Prince Ribbit (D:6)
  A troll (D:9)
  Grinder (D:6)
  Sigmund (D:4)
  A wyvern (D:8)
  A steam dragon (D:8)
  24 yaks
  3 vampire mosquitoes (D:9)
  Edmund (D:6)
  Menkaure (D:6)
  2 acid dragons
  2 water moccasins
  Duvessa (D:4)
  5 black bears
  2 ice beasts
  2 sky beasts
  An orc warrior (D:6)
  3 ogres
  2 centaurs
  A wolf (Lair:2)
  4 lemures (D:4)
  2 phantoms
  2 kobold brigands
  6 bullfrogs
  8 wights
  Dowan (D:4)
  7 killer bees (D:9)
  4 electric eels (D:6)
  An orc priest (D:6)
  4 hounds
  2 jellies
  A gnoll bouda (D:8)
  Terence (D:3)
  Jessica (D:2)
  A sleepcap (D:6)
  3 iguanas
  11 orc wizards
  Robin (D:3)
  4 gnolls (D:8)
  8 adders
  2 white imps
  2 ufetubi (D:4)
  A dart slug (D:5)
  22 orcs
  9 ball pythons
  5 bats
  6 endoplasms
  5 giant cockroaches
  14 goblins
  13 hobgoblins
  4 jackals (D:1)
  11 kobolds
  6 quokkas
  3 frilled lizards
  7 rats
245 creatures vanquished.

Vanquished Creatures (others)
  A wight (D:6)
  45 fungi
  46 plants
92 creatures vanquished.

Grand Total: 337 creatures vanquished

Notes
Turn   | Place    | Note
-------+----------+-------------------------------------------
     0 | D:1      | billz999 the Gnoll Hunter began the quest for the Orb.
     0 | D:1      | Reached XP level 1. HP: 20/20 MP: 1/1
   117 | D:1      | Reached XP level 2. HP: 25/26 MP: 2/2
   437 | D:1      | Reached XP level 3. HP: 31/31 MP: 3/3
   750 | D:1      | Reached skill level 1 in Invocations
  1210 | D:2      | Reached skill level 1 in Short Blades
  1210 | D:2      | Reached skill level 1 in Long Blades
  1210 | D:2      | Reached skill level 1 in Axes
  1210 | D:2      | Reached skill level 1 in Maces & Flails
  1210 | D:2      | Reached skill level 1 in Polearms
  1210 | D:2      | Reached skill level 1 in Staves
  1210 | D:2      | Reached skill level 1 in Throwing
  1210 | D:2      | Reached skill level 1 in Armour
  1210 | D:2      | Reached skill level 1 in Shields
  1210 | D:2      | Reached skill level 1 in Unarmed Combat
  1210 | D:2      | Reached skill level 1 in Spellcasting
  1210 | D:2      | Reached skill level 1 in Evocations
  1211 | D:2      | Reached XP level 4. HP: 32/38 MP: 5/5
  1424 | D:2      | Reached skill level 1 in Conjurations
  1424 | D:2      | Reached skill level 1 in Hexes
  1424 | D:2      | Reached skill level 1 in Summonings
  1424 | D:2      | Reached skill level 1 in Necromancy
  1424 | D:2      | Reached skill level 1 in Translocations
  1424 | D:2      | Reached skill level 1 in Transmutations
  1424 | D:2      | Reached skill level 1 in Fire Magic
  1424 | D:2      | Reached skill level 1 in Ice Magic
  1424 | D:2      | Reached skill level 1 in Air Magic
  1424 | D:2      | Reached skill level 1 in Earth Magic
  1424 | D:2      | Reached skill level 1 in Poison Magic
  1489 | D:2      | Noticed Jessica
  1491 | D:2      | Killed Jessica
  1535 | D:2      | Reached XP level 5. HP: 37/43 MP: 7/7
  1640 | D:2      | Found Gineho's Armour Shop.
  1922 | D:3      | Found a glowing golden altar of the Shining One.
  1926 | D:3      | Found an ancient bone altar of Kikubaaqudgha.
  1931 | D:3      | Noticed Robin
  1970 | D:3      | Killed Robin
  2396 | D:3      | Noticed Terence
  2403 | D:3      | Killed Terence
  2411 | D:3      | Found a blossoming altar of Fedhas.
  2469 | D:3      | Found a sparkling altar of Nemelex Xobeh.
  2867 | D:4      | Noticed a black bear
  2875 | D:4      | Killed a black bear
  2876 | D:4      | Reached skill level 5 in Fighting
  2876 | D:4      | Reached skill level 5 in Dodging
  2876 | D:4      | Reached XP level 6. HP: 32/51 MP: 7/9
  3296 | D:4      | Noticed Sigmund
  3308 | D:4      | Killed Sigmund
  3309 | D:4      | Reached XP level 7. HP: 43/56 MP: 10/10
  3849 | D:4      | Reached skill level 9 in Ranged Weapons
  3960 | D:4      | Identified a scroll of acquirement
  3961 | D:4      | Acquired the ring of Tomorrow {rN+ Int+6 Dex+3}
  3965 | D:4      | Learned a level 1 spell: Magic Dart
  3969 | D:4      | Learned a level 3 spell: Hailstorm
  4027 | D:4      | Noticed Pikel
  4521 | D:4      | Killed Pikel
  4522 | D:4      | Reached XP level 8. HP: 11/64 MP: 12/12
  4841 | D:4      | Noticed Duvessa
  4842 | D:4      | Noticed Dowan
  4861 | D:3      | Found a stormy altar of Qazlal.
  4884 | D:3      | Became a worshipper of Kikubaaqudgha
  4909 | D:4      | Killed Duvessa
  5213 | D:4      | Killed Dowan
  5354 | D:5      | Entered Level 5 of the Dungeon
  5671 | D:5      | Noticed an angel
  5672 | D:5      | Found a glowing silver altar of Zin.
  5843 | D:5      | Reached XP level 9. HP: 44/69 MP: 10/14
  6066 | D:5      | Found an ornate altar of the Wu Jian Council.
  6295 | D:6      | Found a staircase to the Ecumenical Temple.
  6646 | D:6      | Reached skill level 5 in Stealth
  6649 | D:6      | Noticed Menkaure
  6867 | D:6      | Noticed Grinder
  6869 | D:6      | Paralysed by Grinder for 2 turns
  6872 | D:6      | Paralysed by Grinder for 4 turns
  6879 | D:6      | Paralysed by Grinder for 4 turns
  6888 | D:6      | Killed Grinder
  6940 | D:6      | Found a sacrificial altar of Ru.
  7091 | D:6      | Reached skill level 5 in Invocations
  7269 | D:6      | Noticed Edmund
  7290 | D:6      | Killed Edmund
  7290 | D:6      | Reached * piety under Kikubaaqudgha
  7290 | D:6      | Received a gift from Kikubaaqudgha
  7297 | D:6      | Learned a level 2 spell: Ensorcelled Hibernation
  7302 | D:6      | Learned a level 4 spell: Animate Dead
  7412 | D:6      | Found Dahyran's Antique Weapon Shop.
  7443 | D:6      | Noticed Prince Ribbit
  7449 | D:6      | Killed Prince Ribbit
  7536 | D:6      | Found a runed translucent gate.
  7536 | D:6      | Found a runed translucent gate.
  7536 | D:6      | Found a runed translucent gate.
  7536 | D:6      | Noticed buddhastalin's ghost (novice DsGl)
  7769 | D:6      | HP: 3/69 [wight/+0 long sword (3)]
  8072 | D:6      | Found a shimmering blue altar of Sif Muna.
  8121 | D:6      | Reached skill level 5 in Short Blades
  8121 | D:6      | Reached skill level 5 in Long Blades
  8121 | D:6      | Reached skill level 5 in Axes
  8121 | D:6      | Reached skill level 5 in Maces & Flails
  8121 | D:6      | Reached skill level 5 in Polearms
  8121 | D:6      | Reached skill level 5 in Staves
  8121 | D:6      | Reached skill level 5 in Throwing
  8121 | D:6      | Reached skill level 5 in Armour
  8121 | D:6      | Reached skill level 5 in Shields
  8121 | D:6      | Reached skill level 5 in Unarmed Combat
  8121 | D:6      | Reached skill level 5 in Spellcasting
  8121 | D:6      | Reached skill level 5 in Evocations
  8121 | D:6      | Reached XP level 10. HP: 53/77 MP: 15/17
  8251 | D:6      | Killed Menkaure
  8252 | D:6      | Reached skill level 10 in Ranged Weapons
  8538 | D:6      | Bought a twisted glaive for 276 gold pieces
  8538 | D:6      | Identified the +10 glaive of the Aged Bounties {freeze,
                  | rC++ Will- Str+4} (You bought it in a shop on level 6 of
                  | the Dungeon)
  8733 | D:7      | Learned a level 6 spell: Starburst
  8771 | D:7      | Identified the +4 trident of Charming Execution {freeze,
                  | Fragile +Blink rF+ rN+}
  8824 | D:7      | Noticed Maggie
  8837 | D:7      | Killed Maggie
  9000 | D:7      | Found a basalt altar of Yredelemnul.
  9068 | D:7      | Found a large runed translucent door.
  9069 | D:7      | Found a large runed translucent door.
  9072 | D:7      | Noticed AverageBear's ghost (novice OpFi)
 10218 | D:8      | Reached ** piety under Kikubaaqudgha
 10904 | D:9      | Reached skill level 5 in Conjurations
 10904 | D:9      | Reached skill level 5 in Hexes
 10904 | D:9      | Reached skill level 5 in Summonings
 10904 | D:9      | Reached skill level 5 in Necromancy
 10904 | D:9      | Reached skill level 5 in Translocations
 10904 | D:9      | Reached skill level 5 in Transmutations
 10904 | D:9      | Reached skill level 5 in Fire Magic
 10904 | D:9      | Reached skill level 5 in Ice Magic
 10904 | D:9      | Reached skill level 5 in Air Magic
 10904 | D:9      | Reached skill level 5 in Earth Magic
 10904 | D:9      | Reached skill level 5 in Poison Magic
 10910 | D:9      | Reached XP level 11. HP: 29/85 MP: 5/20
 11621 | D:9      | Found a staircase to the Lair.
 11698 | D:9      | Reached *** piety under Kikubaaqudgha
 11698 | D:9      | Received a gift from Kikubaaqudgha
 11780 | D:9      | Learned a level 5 spell: Borgnjor's Vile Clutch
 12001 | D:9      | Noticed a two-headed ogre
 12008 | D:9      | Killed a two-headed ogre
 12038 | D:9      | Noticed a two-headed ogre
 12044 | D:9      | Killed a two-headed ogre
 12406 | Lair:1   | Entered Level 1 of the Lair of Beasts
 12507 | Lair:1   | Found a transporter.
 12538 | Lair:1   | Reached skill level 11 in Ranged Weapons
 12594 | Lair:1   | HP: 1/87 [wolf (4)]
 12594 | Lair:1   | Succumbed to a cane toad's poison

Illustrated notes

Levels and vault maps discovered:
D:1:      scummos_arrival_star, layout_loops_ring, serial_forest,
          infiniplex_forest_3_way, infiniplex_forest_clump_curved,
          infiniplex_forest_lined_2, infiniplex_forest_clump_tiny,
          infiniplex_forest_3_way, infiniplex_forest_clump_curved
D:2:      kennysheep_six_static_rooms, layout_rooms, serial_shops, shop,
          serial_bayou_lake_a, uniq_jessica
D:3:      layout_basic, nicolae_overflow_hidden_temple,
          mainiacjoe_overflow_paths, mainiacjoe_overflow_concentric_impassable,
          minivault_25, uniq_robin, uniq_terence
D:4:      layout_gridville, kennysheep_pointless_box, uniq_sigmund, uniq_pikel,
          uniq_duvessa
D:5:      layout_basic, zin_angel, nicolae_wu_jian_immortal_techniques
D:6:      layout_gridville, kennysheep_mini_moat, hangedman_ru_absence,
          minmay_temple_entry_sparse_star, ebering_ghost_rock_garden,
          serial_shops, nicolae_inconvenience_store, minmay_crystal_water,
          uniq_grinder, uniq_prince_ribbit1, uniq_edmund, uniq_menkaure
D:7:      layout_basic, yredelemnul_altar_generic, ebering_ghost_disaster_area,
          uniq_maggie
D:8:      layout_basic
D:9:      layout_basic, due_lair_maze_entry_diamond
Lair:1:   layout_cave_shapes, gammafunk_ghost_berserking_beasts,
          beast_lair_carwin_1
Lair:2:   layout_misc_corridors, minmay_shoals_entry_hut,
          spider_nest_entry_rubble, gauntlet_entry_generic, beast_lair_carwin_4

Skill      XL: |  1  2  3  4  5  6  7  8  9 10 11 |
---------------+----------------------------------+-----
Invocations    | 1 2 3 4 5 6 7 |  7.6
Short Blades   | 1 2 3 5 6 7 |  7.0
Long Blades    | 1 2 3 5 6 7 |  7.0
Axes           | 1 2 3 5 6 7 |  7.0
Maces & Flails | 1 2 3 5 6 7 |  7.0
Polearms       | 1 2 3 5 6 7 |  7.0
Staves         | 1 2 3 5 6 7 |  7.0
Throwing       | 1 2 3 5 6 7 |  7.0
Armour         | 1 2 3 5 6 7 |  7.0
Shields        | 1 2 3 5 6 7 |  7.0
Unarmed Combat | 1 2 3 5 6 7 |  7.0
Spellcasting   | 1 2 3 5 6 7 |  7.0
Evocations     | 1 2 3 5 6 7 |  7.0
Conjurations   | 1 2 3 4 5 |  5.8
Hexes          | 1 2 3 4 5 |  5.8
Summonings     | 1 2 3 4 5 |  5.8
Necromancy     | 1 2 3 4 5 |  5.8
Translocations | 1 2 3 4 5 |  5.8
Transmutations | 1 2 3 4 5 |  5.8
Fire Magic     | 1 2 3 4 5 |  5.8
Ice Magic      | 1 2 3 4 5 |  5.8
Air Magic      | 1 2 3 4 5 |  5.8
Earth Magic    | 1 2 3 4 5 |  5.8
Poison Magic   | 1 2 3 4 5 |  5.8
Fighting       | 5 6 7 8 |  8.4
Dodging        | 5 6 7 8 |  8.4
Stealth        | 3 4 5 6 7 |  7.4
Ranged Weapons | 9 10 11 | 11.0

Action                     |  1- 3 |  4- 6 |  7- 9 | 10-12 || total
---------------------------+-------+-------+-------+-------++-------
  Melee: Shortbow          |       |       |     2 |       ||     2
         Bite              |       |       |     1 |    11 ||    12
         Glaive            |       |       |       |   126 ||   126
         Unarmed           |       |       |       |     2 ||     2
         Punch             |       |       |       |     1 ||     1
   Fire: Shortbow          |    70 |   153 |   379 |   210 ||   812
   Cast: Hailstorm         |       |       |    23 |    28 ||    51
         Magic Dart        |       |       |     7 |       ||     7
         Ensorcelled Hiber |       |       |     1 |       ||     1
         Borgnjor's Vile C |       |       |       |     5 ||     5
  Evoke: Wand              |       |       |     1 |     2 ||     3
    Use: Scroll            |       |       |    11 |     8 ||    19
         Potion            |       |       |     6 |     4 ||    10
   Stab: Distracted        |       |       |       |     1 ||     1
 Armour: Leather armour    |    10 |    15 |    24 |    32 ||    81
         Acid dragon scale |       |       |       |    39 ||    39
         Skin              |       |       |       |     2 ||     2
  Dodge: Dodged            |    13 |    45 |   174 |   228 ||   460

Table legend: (Time is in decaauts)
 A = Elapsed time spent in this place.
 B = Non-inter-level travel time spent in this place.
 C = Inter-level travel time spent in this place.
 D = Time resting spent in this place.
 E = Time spent auto-exploring this place.
 F = Levels seen in this place.
 G = Mean time per level.
                   A        B        C        D        E       F      G
               +--------+--------+--------+--------+--------+-----+--------+
         Total |  12743 |  12293 |    450 |   2280 |   7951 |  11 | 1158.5 |
       Dungeon |  12549 |  12100 |    449 |   2280 |   7870 |   9 | 1394.3 |
          Lair |    194 |    194 |      0 |      0 |     81 |   2 |   97.0 |
               +--------+--------+--------+--------+--------+-----+--------+

Top non-repeatable levels by time:
     D:4: 2182 daAuts
     D:6: 1876 daAuts
     D:9: 1594 daAuts
     D:5: 1447 daAuts
     D:8: 1381 daAuts
     D:3: 1362 daAuts
     D:1: 1135 daAuts
     D:7: 832 daAuts
     D:2: 737 daAuts
  Lair:1: 173 daAuts
  Lair:2: 20 daAuts
